 Dungeon Crawl Stone Soup version 0.24.0-13-gcf9b319 (webtiles) character file.

Game seed: 1176457446642224782, levelgen mode: deterministic

123 ClockworkOrrery the Chopper (level 5, 0/43 HPs)
             Began as a Gnoll Wanderer on Mar 20, 2020.
             Slain by a gnoll
             ... wielding a +0 spear
              (3 damage)
             ... on level 3 of the Dungeon.
             The game lasted 00:05:21 (2231 turns).

ClockworkOrrery the Chopper (Gnoll Wanderer)        Turns: 2231, Time: 00:05:22

Health: 0/43       AC:  5    Str: 14    XL:     5   Next: 7%
Magic:  9/9        EV: 11    Int: 15    God:
Gold:   64         SH:  0    Dex: 15    Spells: 9/10 levels left

rFire    . . .     SeeInvis .   j - -1 war axe (curse)
rCold    . . .     Gourm    .   (no shield)
rNeg     . . .     Faith    .   m - +0 ring mail
rPois    .         Spirit   .   (no helmet)
rElec    .         Reflect  .   (no cloak)
rCorr    .         Harm     .   (no gloves)
MR       .....                  (no boots)
Stlth    +.........             (no amulet)
HPRegen  0.14/turn              (no ring)
MPRegen  0.11/turn              (no ring)

@: no status effects
A: distributed training, fangs 1, strong nose
a: no special abilities


You were on level 3 of the Dungeon.
You were not hungry.

You visited 1 branch of the dungeon, and saw 3 of its levels.

You collected 64 gold pieces.

Inventory:

Hand Weapons
 a - a +2 hand axe
 j - a cursed -1 war axe (weapon)
Armour
 m - a +0 ring mail (worn)
Wands
 l - a wand of acid (3)
Scrolls
 d - a scroll of identify
 k - 4 scrolls of teleportation
Potions
 b - 2 potions of might {unknown}
 i - 2 potions of flight {unknown}
Comestibles
 c - 11 chunks of flesh
 f - 5 rations


   Skills:
 + Level 4.7 Fighting
 + Level 1.3 Short Blades
 + Level 1.3 Long Blades
 + Level 6.6 Axes
 + Level 1.3 Maces & Flails
 + Level 1.3 Polearms
 + Level 1.3 Staves
 + Level 1.3 Slings
 + Level 1.3 Bows
 + Level 1.3 Crossbows
 + Level 1.3 Throwing
 + Level 1.3 Armour
 + Level 1.3 Dodging
 + Level 1.3 Stealth
 + Level 4.7 Shields
 + Level 1.3 Unarmed Combat
 + Level 3.1 Spellcasting
 + Level 1.0 Conjurations
 + Level 1.0 Hexes
 + Level 1.0 Charms
 + Level 1.0 Summonings
 + Level 1.0 Necromancy
 + Level 1.0 Translocations
 + Level 3.9 Transmutations
 + Level 1.0 Fire Magic
 + Level 1.0 Ice Magic
 + Level 1.0 Air Magic
 + Level 1.0 Earth Magic
 + Level 1.0 Poison Magic
 + Level 1.4 Invocations
 + Level 1.3 Evocations


You had 9 spell levels left.
You knew the following spells:

 Your Spells              Type           Power        Failure   Level  Hunger
a - Beastly Appendage     Tmut           ##....       9%          1    #......

Your spell library contained the following spells:

 Spells                   Type           Power        Failure   Level  Hunger
 Ignite Poison            Fire/Tmut/Pois #.......     47%         3    ###....


Dungeon Overview and Level Annotations

Branches:
Dungeon (3/15)

Altars:


Innate Abilities, Weirdness & Mutations

Your experience applies equally to all skills.
You have very sharp teeth.
Your uncanny sense of smell can sniff out nearby items.


Message History

You see here a leather armour.
The bat completely misses you.
You hit the gnoll. You bite the gnoll, but do no damage.
The gnoll is lightly wounded.
The gnoll hits you but does no damage.
You slash the gnoll!
The gnoll is severely wounded.
The gnoll hits you.
* * * LOW HITPOINT WARNING * * *
You hit the gnoll but do no damage.
The gnoll is severely wounded.
The gnoll hits you.
* * * LOW HITPOINT WARNING * * *
The gnoll hits you but does no damage.
You hit the gnoll.
You kill the gnoll!
You have reached level 5!
You barely miss the gnoll. The gnoll hits you but does no damage.
You barely miss the gnoll. The gnoll hits you with a +0 spear.
You die...

. #<# ... #.#####
.....#.#...#
#.>.....g...#
###.....#...#######
########g......(.
#.#.###### ..###g#
### #@## #.## ##


You could see a gnoll.

Vanquished Creatures
  A gnoll (D:3)
  5 adders
  An ooze (D:1)
  4 worms
  3 leopard geckos (D:2)
  6 orcs (D:3)
  6 bats
  2 giant cockroaches (D:1)
  3 goblins (D:1)
  3 hobgoblins (D:1)
  5 kobolds
  2 quokkas
  2 frilled lizards (D:2)
  A rat (D:1)
44 creatures vanquished.

Notes
Turn   | Place    | Note
-------+----------+-------------------------------------------
     0 | D:1      | ClockworkOrrery the Gnoll Wanderer began the quest for the
                  | Orb.
     0 | D:1      | ClockworkOrrery set off with the following items: a +2 hand
                  | axe, a +0 shortbow, 25 arrows, a +0 robe, a ration; and the
                  | following spell memorised: Beastly Appendage; and the
                  | following spells available to memorise: Ignite Poison
     0 | D:1      | Reached XP level 1. HP: 20/20 MP: 4/4
   160 | D:1      | Reached XP level 2. HP: 26/26 MP: 5/5
   559 | D:2      | Reached XP level 3. HP: 31/31 MP: 7/7
   873 | D:2      | Reached skill level 1 in Invocations
  1186 | D:2      | Reached skill level 1 in Short Blades
  1186 | D:2      | Reached skill level 1 in Long Blades
  1186 | D:2      | Reached skill level 1 in Maces & Flails
  1186 | D:2      | Reached skill level 1 in Polearms
  1186 | D:2      | Reached skill level 1 in Staves
  1186 | D:2      | Reached skill level 1 in Slings
  1186 | D:2      | Reached skill level 1 in Bows
  1186 | D:2      | Reached skill level 1 in Crossbows
  1186 | D:2      | Reached skill level 1 in Throwing
  1186 | D:2      | Reached skill level 1 in Armour
  1186 | D:2      | Reached skill level 1 in Dodging
  1186 | D:2      | Reached skill level 1 in Stealth
  1186 | D:2      | Reached skill level 1 in Unarmed Combat
  1186 | D:2      | Reached skill level 1 in Evocations
  1189 | D:2      | Reached XP level 4. HP: 23/38 MP: 8/8
  2055 | D:3      | Reached skill level 1 in Conjurations
  2055 | D:3      | Reached skill level 1 in Hexes
  2055 | D:3      | Reached skill level 1 in Charms
  2055 | D:3      | Reached skill level 1 in Summonings
  2055 | D:3      | Reached skill level 1 in Necromancy
  2055 | D:3      | Reached skill level 1 in Translocations
  2055 | D:3      | Reached skill level 1 in Fire Magic
  2055 | D:3      | Reached skill level 1 in Ice Magic
  2055 | D:3      | Reached skill level 1 in Air Magic
  2055 | D:3      | Reached skill level 1 in Earth Magic
  2055 | D:3      | Reached skill level 1 in Poison Magic
  2229 | D:3      | Reached XP level 5. HP: 3/43 MP: 9/9
  2231 | D:3      | Slain by a gnoll

Levels and vault maps discovered:
D:1:      lordsloth_arrival_two_stooges, layout_loops_cross
D:2:      layout_basic, minmay_pentomino_x4
D:3:      layout_loops_ring, cheibrodos_sewer_entry_bend, uniq_robin

Skill      XL: |  1  2  3  4 |
---------------+-------------+-----
Invocations    | 1 |  1.4
Short Blades   | 1 |  1.3
Long Blades    | 1 |  1.3
Maces & Flails | 1 |  1.3
Polearms       | 1 |  1.3
Staves         | 1 |  1.3
Slings         | 1 |  1.3
Bows           | 1 |  1.3
Crossbows      | 1 |  1.3
Throwing       | 1 |  1.3
Armour         | 1 |  1.3
Dodging        | 1 |  1.3
Stealth        | 1 |  1.3
Unarmed Combat | 1 |  1.3
Evocations     | 1 |  1.3
Spellcasting   | 3 |  3.1
Conjurations   | 1 |  1.0
Hexes          | 1 |  1.0
Charms         | 1 |  1.0
Summonings     | 1 |  1.0
Necromancy     | 1 |  1.0
Translocations | 1 |  1.0
Fire Magic     | 1 |  1.0
Ice Magic      | 1 |  1.0
Air Magic      | 1 |  1.0
Earth Magic    | 1 |  1.0
Poison Magic   | 1 |  1.0
Fighting       | |  4.7
Axes           | |  6.6
Shields        | |  4.7
Transmutations | |  3.9

Action                   |  1- 3 |  4- 6 || total
-------------------------+-------+-------++-------
Melee: Hand axe          |    46 |       ||    46
       Bite              |     8 |     8 ||    16
       War axe           |    36 |    84 ||   120
  Use: Scroll            |       |     2 ||     2
 Stab: Sleeping          |     4 |     2 ||     6
  Eat: Chunk             |     1 |     3 ||     4
Armor: Robe              |    13 |     2 ||    15
       Ring mail         |       |    12 ||    12
Dodge: Dodged            |    62 |    60 ||   122
